 Dungeon Crawl Stone Soup version 0.29-a0-664-gff9cad4a3d (webtiles) character file.

Game seed: 12950997096401416908

208 DocClef the Skirmisher (level 5, -9/32 HPs)
             Began as a Vine Stalker Fighter on June 22, 2022.
             Mangled by Duvessa
             ... wielding a +0 short sword
              (12 damage)
             ... on level 4 of the Dungeon.
             The game lasted 00:03:02 (2473 turns).

DocClef the Skirmisher (Vine Stalker Fighter)       Turns: 2473, Time: 00:03:03

Health: -9/32      AC:  7    Str: 20    XL:     5   Next: 86%
Magic:  0/6        EV:  9    Int:  8    God:
Gold:   121        SH:  4    Dex: 14    Spells: 4/4 levels left

rFire   . . .      SeeInvis .   a - +1 flail
rCold   . . .      Faith    .   c - +0 buckler
rNeg    . . .      Spirit   +   b - +0 scale mail
rPois   .          Reflect  .   l - +0 helmet
rElec   .          Harm     .   (no cloak)
rCorr   +          Rampage  .   (no gloves)
Will    .....                   (no boots)
Stlth   ..........              (no amulet)
HPRegen 0.90/turn               e - ring of resist corrosion
MPRegen 0.10/turn               (no ring)

@: no status effects
A: fangs 2, regeneration 1, magic shield, antimagic bite, no potion heal 2
a: no special abilities


You were on level 4 of the Dungeon.
You visited 1 branch of the dungeon, and saw 4 of its levels.

You collected 121 gold pieces.

Inventory:

Hand Weapons
 a - a +1 flail (weapon)
Armour
 b - a +0 scale mail (worn)
 c - a +0 buckler (worn)
 l - a +0 helmet (worn)
Jewellery
 e - a ring of resist corrosion (left hand)
Scrolls
 g - a scroll of fog
 j - a scroll of summoning {unknown}
 k - a scroll of silence {unknown}
 m - a scroll of teleportation {unknown}
 n - a scroll of amnesia {unknown}
Potions
 d - 2 potions of might
 h - a potion of degeneration {unknown}


   Skills:
 + Level 5.8 Fighting
 - Level 1.7 Maces & Flails
 - Level 2.4 Armour
 - Level 2.6 Shields


You had 4 spell levels left.
You didn't know any spells.
Your spell library contained the following spells:

 Spells                   Type           Power      Damage    Failure   Level
 Passwall                 Tmut/Erth      0%         N/A       94%         2
 Gell's Gravitas          Tloc           0%         N/A       99%         3
 Lesser Beckoning         Tloc           0%         N/A       99%         3
 Stone Arrow              Conj/Erth      0%         3d7       99%         3
 Teleport Other           Tloc           0%         N/A       99%         3
 Animate Armour           Summ/Erth      0%         N/A       100%        4
 Iron Shot                Conj/Erth      0%         9d1       100%        6
 Lehudib's Crystal Spear  Conj/Erth      0%         10d2      100%        8


Dungeon Overview and Level Annotations

Branches:
Dungeon (4/15)
 Temple: D:4-7

Altars:

Shops:
D:1 *

Annotations:
D:4 Duvessa


Innate Abilities, Weirdness & Mutations

You have extremely sharp teeth.
Your natural rate of healing is unusually fast.
When hurt, damage is shared between your health and your magic reserves.
Your bite disrupts and absorbs the magic of your enemies.
Potions cannot restore your health.


Message History

Dowan is severely wounded.
Dowan hits you with a +0 dagger.
You hit Dowan but do no damage.
Dowan is severely wounded.
Dowan hits you with a +0 dagger.
You hit Dowan.
Dowan is severely wounded.
Dowan completely misses you. Dowan closely misses you.
You sock Dowan!
You kill Dowan!
You hear a distant scream of rage.
You are no longer glowing.
You see here a +0 short sword of venom.
Items here: )) [[ ††.
Okay, then.
There is a stone staircase leading up here.
Found a stone staircase leading down.
Duvessa goes berserk!
Duvessa is nearby!
Duvessa is nearby!
You sock Duvessa!
Duvessa is lightly wounded.
Duvessa hits you with a +0 short sword. Duvessa hits you with a +0 short sword!
You barely miss Duvessa.
Duvessa is lightly wounded.
A quokka comes into view.
Duvessa hits you with a +0 short sword! You block Duvessa's attack.
Unknown command.
You sock Duvessa!
Duvessa is moderately wounded.
You block Duvessa's attack. Duvessa hits you with a +0 short sword.
You hit Duvessa but do no damage.
Duvessa is moderately wounded.
Duvessa hits you but does no damage. Duvessa hits you with a +0 short sword!
* * * LOW HITPOINT WARNING * * *
Unknown command.
You hit Duvessa but do no damage. You bite Duvessa, but do no damage.
Duvessa is moderately wounded.
Duvessa hits you with a +0 short sword!
You die...

......###..........#
......
#.......#######
......
#.#.#.....#...#
###.#..#......##
#....##.......#
.#....##.......#
.......#...#..##
............#..#
......##@.....##
#..... #er..### .
....## ....## .##..#
## #... ###> ..


You could see Duvessa (berserk) and a quokka.

Vanquished Creatures
  Dowan (D:4)
  Robin (D:2)
  6 adders
  An ufetubus (D:3)
  A dart slug (D:2)
  7 orcs
  6 bats
  3 endoplasms
  2 giant cockroaches
  12 goblins
  9 hobgoblins
  12 jackals
  3 quokkas
  5 ball pythons
  A frilled lizard (D:2)
  6 kobolds
  2 rats (D:2)
78 creatures vanquished.

Notes
Turn   | Place    | Note
-------+----------+-------------------------------------------
     0 | D:1      | DocClef the Vine Stalker Fighter began the quest for the
                  | Orb.
     0 | D:1      | Reached XP level 1. HP: 11/11 MP: 2/2
   104 | D:1      | Reached skill level 3 in Fighting
   109 | D:1      | Reached XP level 2. HP: 13/16 MP: 3/3
   157 | D:1      | Found Tukun's Assorted Antiques.
   335 | D:1      | Reached XP level 3. HP: 14/21 MP: 4/4
  1159 | D:2      | Reached skill level 4 in Fighting
  1333 | D:2      | Gained mutation: Your natural rate of healing is unusually
                  | fast. [Vine Stalker growth]
  1333 | D:2      | Reached XP level 4. HP: 19/26 MP: 3/5
  1378 | D:2      | Found a faded altar of an unknown god.
  1434 | D:2      | Noticed Robin
  1451 | D:2      | Killed Robin
  1704 | D:3      | Got Sif Muna's Papyrus of the Rocks
  1770 | D:3      | Reached skill level 5 in Fighting
  1800 | D:3      | Reached XP level 5. HP: 30/30 MP: 6/6
  2368 | D:4      | Noticed Dowan
  2369 | D:4      | Noticed Duvessa
  2437 | D:4      | Killed Dowan
  2472 | D:4      | HP: 1/32 [Duvessa/+0 short sword (13)]
  2473 | D:4      | Mangled by Duvessa

Illustrated notes

Levels and vault maps discovered:
D:1:      tarquinn_simple_flora_water_a, layout_basic, serial_shops,
          shop_fountains
D:2:      layout_rooms, hellmonk_ecumenical_altar_arch_garden, uniq_robin
D:3:      layout_loops_ring
D:4:      layout_cave_pools, uniq_duvessa

Skill      XL: |  1  2  3  4 |
---------------+-------------+-----
Fighting       | 3 4 5 |  5.8
Maces & Flails | |  1.7
Armour         | |  2.4
Shields        | |  2.6

Action                   |  1- 3 |  4- 6 || total
-------------------------+-------+-------++-------
Melee: Flail             |    91 |   132 ||   223
       Bite              |    22 |    28 ||    50
  Use: Scroll            |     3 |     2 ||     5
Armor: Scale mail        |    61 |    99 ||   160
Dodge: Dodged            |    49 |    95 ||   144
Block: Buckler           |    27 |    48 ||    75

Table legend: (Time is in decaauts)
 A = Elapsed time spent in this place.
 B = Non-inter-level travel time spent in this place.
 C = Inter-level travel time spent in this place.
 D = Time resting spent in this place.
 E = Time spent auto-exploring this place.
 F = Levels seen in this place.
 G = Mean time per level.
                   A        B        C        D        E       F      G
               +--------+--------+--------+--------+--------+-----+--------+
         Total |   2552 |   2464 |     88 |    280 |   1602 |   4 |  638.0 |
       Dungeon |   2552 |   2464 |     88 |    280 |   1602 |   4 |  638.0 |
               +--------+--------+--------+--------+--------+-----+--------+

Top non-repeatable levels by time:
     D:1: 1035 daAuts
     D:3: 722 daAuts
     D:2: 704 daAuts
     D:4: 89 daAuts
